Demolitions vs Remparts
Created - 28 octobre 2015 at 23:01
Goals
|
| Demolitions |
1 |
3 |
1 |
5 |
| Remparts |
0 |
2 |
0 |
2 |
|
Shots
|
| Demolitions |
14 |
10 |
12 |
36 |
| Remparts |
11 |
11 |
5 |
27 |
|
1st period
1. Demolitions , Josh Beaulieu 3 (Nicolas Blanchard) at 3:29
Penalties :
Jonathan Matsumoto (Que) for Diving (Minor) at 10:56
2nd period
2. Demolitions , Ryan Craig 7 (Bobby Butler, Spencer Machacek) at 5:16
3. Demolitions , Spencer Machacek 5 (Ryan Craig, Bobby Butler) at 13:33
4. Remparts , Pasi Salonen 6 (Denis Bodrov, Jonathan Matsumoto) at 14:30
5. Demolitions , Ryan Craig 8 (Spencer Machacek, Nigel Dawes) at 16:16 (PP)
6. Remparts , Matt Halischuk 2 (Rico Fata, Cédric Lalonde-McNicoll) at 17:58
Penalties :
Anssi Salmela (Vic) for Holding Stick (Minor) at 0:43, Cédric Lalonde-McNicoll (Que) for Cross-checking (Minor) at 5:48, Johannes Salmonsson (Que) for Interference (Minor) at 15:41, T.J. Hensick (Vic) for Holding (Minor) at 18:50
3rd period
7. Demolitions , Josh Beaulieu 4 (Nicolas Blanchard, Doug Janik) at 15:42
Penalties :
Ty Wishart (Que) for Delaying the game (Minor) at 1:00, Keith Aulie (Que) for Holding (Minor) at 1:49, Nigel Dawes (Vic) for High sticking (Minor) at 4:35, Jonathan Matsumoto (Que) for Interference (Minor) at 15:45
Goalie Stats
Jeff Frazee (Vic), 25 saves from 27 shots - (0,926), W, 1-1-0, 60:00 minutes
Keith Kinkaid (Que), 31 saves from 36 shots - (0,861), L, 3-4-2, 60:00 minutes
Players Stats for Demolitions
Player Name G A P +/- PIM S H SB GA TA FO MP PP MP PK MP
------------------------------------------------------------------------------------
Alex Hutchings 0 0 0 0 0 0 0 0 0 0 0/0 3:03 0:19 1:56
Andrew Campbell 0 0 0 0 0 0 2 2 0 1 0/0 18:50 3:34 2:45
Anssi Salmela 0 0 0 1 2 0 2 2 1 1 0/0 25:13 5:46 2:05
Bobby Butler 0 2 2 2 0 3 1 1 0 1 1/1 16:27 3:35 0:00
Brad Richardson 0 0 0 -1 0 7 2 0 1 0 2/4 24:16 4:31 3:08
Corban Knight 0 0 0 0 0 0 0 0 0 0 0/0 2:14 0:19 0:57
Darren Helm 0 0 0 -1 0 2 3 0 0 0 4/5 12:08 0:10 0:00
Doug Janik 0 1 1 1 0 2 0 1 1 1 0/0 29:23 5:46 3:10
Josh Beaulieu 2 0 2 2 0 3 0 0 0 0 0/0 6:11 0:00 0:08
Kenneth Agostino 0 0 0 0 0 0 0 0 0 0 0/0 0:00 0:00 0:00
Konstantin Pushkarev 0 0 0 0 0 1 0 1 0 0 0/0 5:40 0:02 0:00
Masi Marjamaki 0 0 0 0 0 0 0 0 0 0 0/0 0:00 0:00 0:00
Nick Pryor 0 0 0 0 0 0 0 0 0 0 0/0 4:22 0:00 0:14
Nicolas Blanchard 0 2 2 1 0 2 4 1 2 0 1/4 10:37 0:00 2:05
Nigel Dawes 0 1 1 -1 2 2 0 0 0 2 0/0 19:16 5:24 0:28
Robert Bortuzzo 0 0 0 1 0 0 0 0 0 1 0/0 11:13 0:00 0:00
Robert Klinkhammer 0 0 0 -1 0 1 1 1 0 0 0/0 11:31 0:00 0:00
Ryan Craig 2 1 3 2 0 5 1 1 1 0 5/15 17:38 3:32 1:13
Scott Glennie 0 0 0 0 0 0 0 0 0 0 0/0 1:45 1:01 0:00
Seth Helgeson 0 0 0 0 0 0 3 1 0 0 0/0 18:53 3:34 2:47
Spencer Machacek 1 2 3 2 0 2 0 0 0 0 0/0 16:09 3:27 0:00
T.J. Hensick 0 0 0 -1 2 5 3 0 1 0 18/27 20:31 5:24 1:59
Taylor Aronson 0 0 0 1 0 1 0 2 0 0 0/0 12:06 0:00 0:53
Tom Kuhnhackl 0 0 0 2 0 0 1 0 0 0 0/0 6:34 0:16 0:00
Vince Rocco 0 0 0 0 0 0 0 0 0 0 0/0 0:00 0:00 0:00
Players Stats for Remparts
Player Name G A P +/- PIM S H SB GA TA FO MP PP MP PK MP
------------------------------------------------------------------------------------
Brandon Gormley 0 0 0 -1 0 0 0 0 0 2 0/0 18:18 2:39 0:54
Cédric Lalonde-McNicoll 0 1 1 1 2 2 0 0 0 0 9/18 17:48 2:50 0:09
Chris Mueller 0 0 0 -2 0 2 0 0 0 0 1/2 12:55 0:00 1:42
Denis Bodrov 0 1 1 2 0 0 0 1 0 1 0/0 11:48 0:00 1:05
Erik Gustafsson 0 0 0 2 0 1 0 0 0 0 0/0 14:35 0:00 3:44
Guillaume Desbiens 0 0 0 -1 0 4 0 1 3 0 0/0 18:30 2:50 4:41
Jarod Palmer 0 0 0 0 0 0 0 0 0 0 0/1 5:04 0:00 0:00
Johannes Salmonsson 0 0 0 -2 2 3 2 0 0 2 0/0 13:14 0:00 1:35
Jonathan Cheechoo 0 0 0 -1 0 0 1 0 0 0 0/1 5:53 0:00 0:00
Jonathan Matsumoto 0 1 1 -1 4 1 1 0 0 0 11/23 17:24 3:07 0:16
Keith Aulie 0 0 0 -3 2 1 1 2 1 1 0/0 27:06 3:18 4:41
Matt Halischuk 1 0 1 1 0 4 1 0 1 0 1/3 16:31 0:00 1:46
Mattias Weinhandl 0 0 0 0 0 3 1 1 0 1 3/8 25:01 3:07 5:14
Pasi Salonen 1 0 1 -1 0 3 2 1 0 0 0/0 18:56 3:07 1:46
Petr Straka 0 0 0 -1 0 0 0 0 0 0 0/0 0:09 0:00 0:00
Rico Fata 0 1 1 1 0 2 2 0 1 0 0/0 17:39 2:50 0:00
Ty Wishart 0 0 0 -1 2 0 1 1 0 0 0/0 20:23 2:39 3:00
William Colbert 0 0 0 -3 0 1 1 1 1 0 0/0 28:09 3:18 5:36
3 Stars
1 - Ryan Craig (Vic)
2 - Spencer Machacek (Vic)
3 - Josh Beaulieu (Vic)
Power Play
Demolitions - 1 on 7 Attempt(s) - 14,29%
Remparts - 0 on 3 Attempt(s) - 0,00%
Penalty Kill
Demolitions - 3 on 3 Attempt(s) - 100,00%
- Score 0 goal in Penalty Kill
Remparts - 6 on 7 Attempt(s) - 85,71%
- Score 0 goal in Penalty Kill
Team Stat
Demolitions - Hits : 23 - Faceoff Wins : 31 - Blocked Shots : 13 - Penalty Minutes : 6
Remparts - Hits : 13 - Faceoff Wins : 25 - Blocked Shots : 8 - Penalty Minutes : 12
Official
Referees : Auger Stephane and Pollock Kevin
Linesman : Dan Schachte and David Brisebois
Game Notes
Konstantin Pushkarev is injured at 10:40 of 2nd period (Right Knee)
12:28 of 2nd period - Penalty Shot by Matt Halischuk for Remparts - Stopped by Jeff Frazee
Finance
Level 1 -- Attendance: 1490 (74,50%) -- Ticket Income 37 250 $
Level 2 -- Attendance: 769 (76,90%) -- Ticket Income 11 535 $
Total Attendance: 2259 (75,30%)
Total Ticket Income: 48 785 $
Other Income: 2 439 $
Total Income: 51 224 $
Demolitions
5 vs 5 Forward
Center Left Wing Right Wing Time % Phy DF OF
1 T.J. Hensick Nigel Dawes Brad Richardson 40 1 2 2
2 Ryan Craig Bobby Butler Spencer Machacek 30 1 2 2
3 Darren Helm Robert Klinkhammer Konstantin Pushkarev 20 1 2 2
4 Nicolas Blanchard Josh Beaulieu Tom Kuhnhackl 10 1 2 2
5 vs 5 Defense
Defense Defense Time % Phy DF OF
1 Doug Janik Anssi Salmela 40 1 2 2
2 Andrew Campbell Seth Helgeson 30 1 2 2
3 Robert Bortuzzo Taylor Aronson 20 1 2 2
4 Nick Pryor Doug Janik 10 1 2 2
PowerPlay Forward
Center Left Wing Right Wing Time % Phy DF OF
1 T.J. Hensick Nigel Dawes Brad Richardson 60 1 2 2
2 Ryan Craig Bobby Butler Spencer Machacek 40 1 2 2
PowerPlay Defense
Defense Defense Time % Phy DF OF
1 Doug Janik Anssi Salmela 60 1 2 2
2 Andrew Campbell Seth Helgeson 40 1 2 2
Penalty Kill 4 Players Forward
Center Wing Time % Phy DF OF
1 Brad Richardson T.J. Hensick 60 1 2 2
2 Ryan Craig Nigel Dawes 40 1 2 2
Penalty Kill 4 Players Defense
Defense Defense Time % Phy DF OF
1 Doug Janik Anssi Salmela 60 1 2 2
2 Andrew Campbell Seth Helgeson 40 1 2 2
Penalty Kill - 3 Players Forward
Forward Time % Phy DF OF
1 Brad Richardson 60 1 2 2
2 T.J. Hensick 40 1 2 2
Penalty Kill - 3 Players Defense
Defense Defense Time % Phy DF OF
1 Doug Janik Anssi Salmela 60 1 2 2
2 Andrew Campbell Seth Helgeson 40 1 2 2
4 vs 4 Forward
Center Wing Time % Phy DF OF
1 Brad Richardson T.J. Hensick 60 1 2 2
2 Ryan Craig Nigel Dawes 40 1 2 2
4 vs 4 Defense
Defense Defense Time % Phy DF OF
1 Doug Janik Anssi Salmela 60 1 2 2
2 Andrew Campbell Seth Helgeson 40 1 2 2
Last Minutes Offensive
Center Left Wing Right Wing Defense Defense
T.J. Hensick Nigel Dawes Brad Richardson Doug Janik Anssi Salmela
Last Minutes Defensive
Center Left Wing Right Wing Defense Defense
T.J. Hensick Nigel Dawes Brad Richardson Doug Janik Anssi Salmela
Goaltenders
Starting : Jeff Frazee
Backup : Brent Krahn
Extra Forwards
Normal : Darren Helm, Konstantin Pushkarev, Nicolas Blanchard - PP : Darren Helm, Konstantin Pushkarev - PK : Nicolas Blanchard
Extra Defensemen
Normal : Robert Bortuzzo, Taylor Aronson, Nick Pryor - PP : Robert Bortuzzo - PK : Taylor Aronson, Nick Pryor
Penalty Shots
Brad Richardson, T.J. Hensick, Ryan Craig, Nigel Dawes, Bobby Butler
Remparts
5 vs 5 Forward
Center Left Wing Right Wing Time % Phy DF OF
1 Jonathan Matsumoto Pasi Salonen Mattias Weinhandl 40 0 2 3
2 Cédric Lalonde-McNicoll Rico Fata Matt Halischuk 30 0 2 3
3 Chris Mueller Johannes Salmonsson Guillaume Desbiens 20 1 2 2
4 Jarod Palmer Mattias Weinhandl Jonathan Cheechoo 10 1 2 2
5 vs 5 Defense
Defense Defense Time % Phy DF OF
1 Keith Aulie William Colbert 40 0 2 3
2 Ty Wishart Brandon Gormley 30 0 2 3
3 Denis Bodrov Erik Gustafsson 20 1 2 2
4 Keith Aulie William Colbert 10 1 2 2
PowerPlay Forward
Center Left Wing Right Wing Time % Phy DF OF
1 Jonathan Matsumoto Pasi Salonen Mattias Weinhandl 60 0 1 4
2 Cédric Lalonde-McNicoll Rico Fata Guillaume Desbiens 40 0 1 4
PowerPlay Defense
Defense Defense Time % Phy DF OF
1 Keith Aulie William Colbert 60 0 2 3
2 Ty Wishart Brandon Gormley 40 0 2 3
Penalty Kill 4 Players Forward
Center Wing Time % Phy DF OF
1 Mattias Weinhandl Guillaume Desbiens 60 1 4 0
2 Pasi Salonen Matt Halischuk 40 1 4 0
Penalty Kill 4 Players Defense
Defense Defense Time % Phy DF OF
1 Keith Aulie William Colbert 60 1 4 0
2 Ty Wishart Erik Gustafsson 40 1 4 0
Penalty Kill - 3 Players Forward
Forward Time % Phy DF OF
1 Mattias Weinhandl 60 1 4 0
2 Guillaume Desbiens 40 1 4 0
Penalty Kill - 3 Players Defense
Defense Defense Time % Phy DF OF
1 Keith Aulie William Colbert 60 1 4 0
2 Ty Wishart Erik Gustafsson 40 1 4 0
4 vs 4 Forward
Center Wing Time % Phy DF OF
1 Mattias Weinhandl Guillaume Desbiens 60 0 2 3
2 Pasi Salonen Matt Halischuk 40 0 2 3
4 vs 4 Defense
Defense Defense Time % Phy DF OF
1 Keith Aulie William Colbert 60 1 2 2
2 Ty Wishart Brandon Gormley 40 1 2 2
Last Minutes Offensive
Center Left Wing Right Wing Defense Defense
Jonathan Matsumoto Pasi Salonen Mattias Weinhandl Keith Aulie William Colbert
Last Minutes Defensive
Center Left Wing Right Wing Defense Defense
Jonathan Matsumoto Pasi Salonen Mattias Weinhandl Keith Aulie William Colbert
Goaltenders
Starting : Keith Kinkaid
Backup : Petr Mrazek
Extra Forwards
Normal : Jonathan Cheechoo, Johannes Salmonsson, Chris Mueller - PP : Jonathan Cheechoo, Johannes Salmonsson - PK : Chris Mueller
Extra Defensemen
Normal : Brandon Gormley, Keith Aulie, Denis Bodrov - PP : Denis Bodrov - PK : Brandon Gormley, Denis Bodrov
Penalty Shots
Mattias Weinhandl, Guillaume Desbiens, Pasi Salonen, Matt Halischuk, Rico Fata
% Time on Ice - Demolitions
Lines # - Real PCT - Wanted PCT - Time Play
Normal Forward
1 - 31% - 40% - 13:51
2 - 29% - 30% - 13:07
3 - 26% - 20% - 11:42
4 - 14% - 10% - 6:03
Normal Defense
1 - 38% - 40% - 16:52
2 - 28% - 30% - 12:31
3 - 25% - 20% - 11:13
4 - 9% - 10% - 4:07
PP Forward
1 - 59% - 60% - 5:29
2 - 41% - 40% - 3:51
PP Defense
1 - 62% - 60% - 5:46
2 - 38% - 40% - 3:34
PK Forward
1 - 80% - 60% - 4:44
2 - 20% - 40% - 1:13
PK Defense
1 - 54% - 60% - 3:12
2 - 46% - 40% - 2:45
PK3 Forward
1 - 0% - 60%
2 - 0% - 40%
PK3 Defense
1 - 0% - 60%
2 - 0% - 40%
44 Forward
1 - 0% - 60%
2 - 0% - 40%
44 Defense
1 - 0% - 60%
2 - 0% - 40%
Last Minute Offensive - 0:00
Last Minute Defensive - 0:00
Total
Forward - 60:00
Defense - 60:00
|
% Time on Ice - Remparts
Lines # - Real PCT - Wanted PCT - Time Play
Normal Forward
1 - 31% - 40% - 13:56
2 - 34% - 30% - 15:08
3 - 24% - 20% - 10:35
4 - 11% - 10% - 5:04
Normal Defense
1 - 40% - 40% - 17:46
2 - 33% - 30% - 14:45
3 - 24% - 20% - 10:43
4 - 3% - 10% - 1:29
PP Forward
1 - 52% - 60% - 3:07
2 - 48% - 40% - 2:50
PP Defense
1 - 55% - 60% - 3:18
2 - 45% - 40% - 2:39
PK Forward
1 - 78% - 60% - 6:24
2 - 22% - 40% - 1:46
PK Defense
1 - 63% - 60% - 5:07
2 - 37% - 40% - 3:03
PK3 Forward
1 - 73% - 60% - 0:51
2 - 27% - 40% - 0:19
PK3 Defense
1 - 41% - 60% - 0:29
2 - 59% - 40% - 0:41
44 Forward
1 - 0% - 60%
2 - 0% - 40%
44 Defense
1 - 0% - 60%
2 - 0% - 40%
Last Minute Offensive - 0:00
Last Minute Defensive - 0:00
Total
Forward - 60:00
Defense - 60:00
|
Play by Play
1st period
0:01 of 1st period - T.J. Hensick wins face-off versus Jonathan Matsumoto in neutral zone.
0:47 of 1st period - Wrist shot by T.J. Hensick.
0:47 of 1st period - Shot Misses the Net.
1:25 of 1st period - Wrist shot by T.J. Hensick.
1:25 of 1st period - Stopped by Keith Kinkaid with a rebound.
2:00 of 1st period - Wrist shot by Guillaume Desbiens.
2:00 of 1st period - Shot Misses the Net.
2:02 of 1st period - Slapshot by Chris Mueller.
2:02 of 1st period - Shot Blocked by Anssi Salmela.
2:20 of 1st period - Wrist shot by Johannes Salmonsson.
2:20 of 1st period - Stopped by Jeff Frazee without a rebound.
2:21 of 1st period - Ryan Craig wins face-off versus Cédric Lalonde-McNicoll in Demolitions zone.
2:26 of 1st period - Snap shot by Ryan Craig.
2:26 of 1st period - Shot Misses the Net.
2:28 of 1st period - Snap shot by Ryan Craig.
2:28 of 1st period - Deflect By Bobby Butler.
2:28 of 1st period - Stopped by Keith Kinkaid without a rebound.
2:29 of 1st period - Bobby Butler wins face-off versus Matt Halischuk in Remparts zone.
3:10 of 1st period - Mattias Weinhandl is hit by Seth Helgeson and loses puck.
3:27 of 1st period - Wrist shot by Josh Beaulieu.
3:27 of 1st period - Stopped by Keith Kinkaid with a rebound.
3:29 of 1st period - Wrist shot by Josh Beaulieu.
3:29 of 1st period - Goal by Josh Beaulieu - Demolitions : 1 - Remparts : 0.
3:30 of 1st period - Cédric Lalonde-McNicoll wins face-off versus Ryan Craig in neutral zone.
3:34 of 1st period - Off-side.
3:35 of 1st period - Cédric Lalonde-McNicoll wins face-off versus Ryan Craig in neutral zone.
3:51 of 1st period - Snap shot by Ryan Craig.
3:51 of 1st period - Shot Misses the Net.
4:26 of 1st period - Snap shot by Guillaume Desbiens.
4:26 of 1st period - Stopped by Jeff Frazee with a rebound.
4:28 of 1st period - Wrist shot by William Colbert.
4:28 of 1st period - Shot Blocked by Nicolas Blanchard.
4:30 of 1st period - Slapshot by Keith Aulie.
4:30 of 1st period - Shot Misses the Net.
4:32 of 1st period - Wrist shot by Johannes Salmonsson.
4:32 of 1st period - Stopped by Jeff Frazee without a rebound.
4:33 of 1st period - Matt Halischuk wins face-off versus Ryan Craig in Demolitions zone.
4:58 of 1st period - William Colbert is hit by Tom Kuhnhackl.
5:15 of 1st period - Brandon Gormley is hit by Seth Helgeson and loses puck.
6:09 of 1st period - Brandon Gormley is hit by T.J. Hensick and loses puck.
6:24 of 1st period - Snap shot by Rico Fata.
6:24 of 1st period - Shot Blocked by Anssi Salmela.
6:26 of 1st period - Snap shot by Matt Halischuk.
6:26 of 1st period - Shot Blocked by Robert Klinkhammer.
6:56 of 1st period - Wrist shot by Mattias Weinhandl.
6:56 of 1st period - Stopped by Jeff Frazee with a rebound.
7:27 of 1st period - Wrist shot by Ryan Craig.
7:27 of 1st period - Shot Misses the Net.
7:29 of 1st period - Backhand shot by Doug Janik.
7:29 of 1st period - Shot Misses the Net.
7:46 of 1st period - Icing by William Colbert.
7:47 of 1st period - Jonathan Matsumoto wins face-off versus Ryan Craig in Remparts zone.
8:00 of 1st period - Wrist shot by Ryan Craig.
8:00 of 1st period - Stopped by Keith Kinkaid without a rebound.
8:01 of 1st period - T.J. Hensick wins face-off versus Cédric Lalonde-McNicoll in Remparts zone.
8:26 of 1st period - Spencer Machacek is hit by Jonathan Matsumoto and loses puck.
9:51 of 1st period - Snap shot by Ryan Craig.
9:51 of 1st period - Stopped by Keith Kinkaid without a rebound.
9:52 of 1st period - Ryan Craig wins face-off versus Chris Mueller in Remparts zone.
9:53 of 1st period - Snap shot by Bobby Butler.
9:53 of 1st period - Shot Blocked by Ty Wishart.
10:24 of 1st period - Slapshot by Chris Mueller.
10:24 of 1st period - Stopped by Jeff Frazee with a rebound.
10:32 of 1st period - Snap shot by Guillaume Desbiens.
10:32 of 1st period - Shot Misses the Net.
10:34 of 1st period - Slapshot by Keith Aulie.
10:34 of 1st period - Deflect By Guillaume Desbiens.
10:34 of 1st period - Shot Blocked by Andrew Campbell.
10:34 of 1st period - Puck is out of play.
10:35 of 1st period - T.J. Hensick wins face-off versus Jonathan Matsumoto in Demolitions zone.
10:42 of 1st period - Wrist shot by T.J. Hensick.
10:42 of 1st period - Deflect By Brad Richardson.
10:42 of 1st period - Stopped by Keith Kinkaid with a rebound.
10:44 of 1st period - Slapshot by Brad Richardson.
10:44 of 1st period - Stopped by Keith Kinkaid with a rebound.
10:46 of 1st period - Wrist shot by Brad Richardson.
10:46 of 1st period - Shot Misses the Net.
10:56 of 1st period - Minor Penalty to Jonathan Matsumoto for Diving.
10:57 of 1st period - T.J. Hensick wins face-off versus Mattias Weinhandl in Remparts zone.
12:49 of 1st period - T.J. Hensick is hit by Ty Wishart and loses puck.
12:56 of 1st period - Penalty to Jonathan Matsumoto is over, Jonathan Matsumoto is back on ice.
13:03 of 1st period - Icing by Robert Klinkhammer.
13:04 of 1st period - Cédric Lalonde-McNicoll wins face-off versus Darren Helm in Demolitions zone.
13:05 of 1st period - Snap shot by Rico Fata.
13:05 of 1st period - Stopped by Jeff Frazee with a rebound.
13:07 of 1st period - Wrist shot by Matt Halischuk.
13:07 of 1st period - Stopped by Jeff Frazee with a rebound.
13:09 of 1st period - Slapshot by Erik Gustafsson.
13:09 of 1st period - Stopped by Jeff Frazee without a rebound.
13:10 of 1st period - Cédric Lalonde-McNicoll wins face-off versus Ryan Craig in Demolitions zone.
13:17 of 1st period - Slapshot by Matt Halischuk.
13:17 of 1st period - Stopped by Jeff Frazee without a rebound.
13:18 of 1st period - Ryan Craig wins face-off versus Jonathan Matsumoto in Demolitions zone.
13:26 of 1st period - Backhand shot by Ryan Craig.
13:26 of 1st period - Shot Blocked by Keith Aulie.
13:28 of 1st period - Slapshot by Taylor Aronson.
13:28 of 1st period - Stopped by Keith Kinkaid with a rebound.
14:11 of 1st period - Slapshot by Nigel Dawes.
14:11 of 1st period - Stopped by Keith Kinkaid without a rebound.
14:12 of 1st period - T.J. Hensick wins face-off versus Jonathan Matsumoto in Remparts zone.
14:15 of 1st period - Snap shot by T.J. Hensick.
14:15 of 1st period - Shot Misses the Net.
15:20 of 1st period - Wrist shot by Mattias Weinhandl.
15:20 of 1st period - Stopped by Jeff Frazee with a rebound.
15:28 of 1st period - Wrist shot by Ryan Craig.
15:28 of 1st period - Deflect By Bobby Butler.
15:28 of 1st period - Stopped by Keith Kinkaid without a rebound.
15:29 of 1st period - Cédric Lalonde-McNicoll wins face-off versus T.J. Hensick in Remparts zone.
16:41 of 1st period - Keith Aulie is hit by Nicolas Blanchard.
16:57 of 1st period - Slapshot by Josh Beaulieu.
16:57 of 1st period - Shot Hit the Post.
16:59 of 1st period - Wrist shot by Brad Richardson.
16:59 of 1st period - Shot Misses the Net.
17:17 of 1st period - Wrist shot by Mattias Weinhandl.
17:17 of 1st period - Shot Blocked by Ryan Craig.
17:21 of 1st period - Wrist shot by Mattias Weinhandl.
17:21 of 1st period - Deflect By Jonathan Matsumoto.
17:21 of 1st period - Stopped by Jeff Frazee without a rebound.
17:22 of 1st period - Jonathan Matsumoto wins face-off versus T.J. Hensick in Demolitions zone.
17:47 of 1st period - Guillaume Desbiens is hit by Anssi Salmela and loses puck.
18:12 of 1st period - William Colbert is hit by Ryan Craig and loses puck.
18:25 of 1st period - Wrist shot by Cédric Lalonde-McNicoll.
18:25 of 1st period - Shot Misses the Net.
18:57 of 1st period - Off-side.
18:58 of 1st period - Darren Helm wins face-off versus Cédric Lalonde-McNicoll in neutral zone.
19:01 of 1st period - Snap shot by Konstantin Pushkarev.
19:01 of 1st period - Stopped by Keith Kinkaid without a rebound.
19:02 of 1st period - Darren Helm wins face-off versus Cédric Lalonde-McNicoll in Remparts zone.
19:13 of 1st period - Snap shot by Darren Helm.
19:13 of 1st period - Shot Misses the Net.
19:34 of 1st period - Off-side.
19:35 of 1st period - Jonathan Matsumoto wins face-off versus T.J. Hensick in neutral zone.
19:44 of 1st period - Snap shot by T.J. Hensick.
19:44 of 1st period - Stopped by Keith Kinkaid without a rebound.
19:45 of 1st period - Jonathan Matsumoto wins face-off versus T.J. Hensick in Remparts zone.
19:57 of 1st period - Wrist shot by Brad Richardson.
19:57 of 1st period - Stopped by Keith Kinkaid with a rebound.
19:59 of 1st period - Wrist shot by Brad Richardson.
19:59 of 1st period - Shot Blocked by Pasi Salonen.
Goals for this period are 1 for Demolitions vs 0 for Remparts.
Shots for this period are 14 for Demolitions vs 11 for Remparts.
2nd period
0:01 of 2nd period - T.J. Hensick wins face-off versus Jonathan Matsumoto in neutral zone.
0:04 of 2nd period - Snap shot by Brad Richardson.
0:04 of 2nd period - Shot Blocked by Mattias Weinhandl.
0:43 of 2nd period - Minor Penalty to Anssi Salmela for Holding Stick.
0:44 of 2nd period - Jonathan Matsumoto wins face-off versus Brad Richardson in Demolitions zone.
2:43 of 2nd period - Penalty to Anssi Salmela is over, Anssi Salmela is back on ice.
4:01 of 2nd period - Wrist shot by T.J. Hensick.
4:01 of 2nd period - Stopped by Keith Kinkaid with a rebound.
4:03 of 2nd period - Wrist shot by T.J. Hensick.
4:03 of 2nd period - Shot Misses the Net.
4:17 of 2nd period - Slapshot by Ryan Craig.
4:17 of 2nd period - Shot Misses the Net.
4:57 of 2nd period - Jonathan Matsumoto is hit by Seth Helgeson and loses puck.
5:14 of 2nd period - Snap shot by Ryan Craig.
5:14 of 2nd period - Shot Misses the Net.
5:16 of 2nd period - Wrist shot by Bobby Butler.
5:16 of 2nd period - Deflect By Ryan Craig.
5:16 of 2nd period - Goal by Ryan Craig - Demolitions : 2 - Remparts : 0.
5:17 of 2nd period - T.J. Hensick wins face-off versus Jonathan Matsumoto in neutral zone.
5:48 of 2nd period - Minor Penalty to Cédric Lalonde-McNicoll for Cross-checking.
5:49 of 2nd period - Mattias Weinhandl wins face-off versus T.J. Hensick in Remparts zone.
5:49 of 2nd period - Mattias Weinhandl is hit by T.J. Hensick.
6:02 of 2nd period - Snap shot by T.J. Hensick.
6:02 of 2nd period - Shot Misses the Net.
6:04 of 2nd period - Wrist shot by Nigel Dawes.
6:04 of 2nd period - Shot Blocked by Keith Aulie.
6:50 of 2nd period - Slapshot by Chris Mueller.
6:50 of 2nd period - Stopped by Jeff Frazee with a rebound.
7:30 of 2nd period - Anssi Salmela is hit by Pasi Salonen and loses puck.
7:48 of 2nd period - Penalty to Cédric Lalonde-McNicoll is over, Cédric Lalonde-McNicoll is back on ice.
8:02 of 2nd period - Rico Fata is hit by Darren Helm and loses puck.
8:13 of 2nd period - Slapshot by Mattias Weinhandl.
8:13 of 2nd period - Stopped by Jeff Frazee with a rebound.
8:25 of 2nd period - Snap shot by Josh Beaulieu.
8:25 of 2nd period - Shot Misses the Net.
9:27 of 2nd period - Brad Richardson is hit by Mattias Weinhandl and loses puck.
9:41 of 2nd period - Seth Helgeson is hit by Keith Aulie and loses puck.
9:46 of 2nd period - Snap shot by Pasi Salonen.
9:46 of 2nd period - Stopped by Jeff Frazee without a rebound.
9:47 of 2nd period - Ryan Craig wins face-off versus Cédric Lalonde-McNicoll in Demolitions zone.
9:58 of 2nd period - Rico Fata is hit by Bobby Butler and loses puck.
10:40 of 2nd period - Wrist shot by Keith Aulie.
10:40 of 2nd period - Shot Blocked by Konstantin Pushkarev.
10:40 of 2nd period - Konstantin Pushkarev from Demolitions is injured at 10:40 of 2nd period (Right Knee).
10:41 of 2nd period - T.J. Hensick wins face-off versus Jonathan Matsumoto in Demolitions zone.
10:46 of 2nd period - Slapshot by Doug Janik.
10:46 of 2nd period - Stopped by Keith Kinkaid with a rebound.
11:32 of 2nd period - Snap shot by Cédric Lalonde-McNicoll.
11:32 of 2nd period - Shot Misses the Net.
11:36 of 2nd period - Snap shot by Rico Fata.
11:36 of 2nd period - Shot Misses the Net.
12:12 of 2nd period - Johannes Salmonsson is hit by Nicolas Blanchard and loses puck.
12:28 of 2nd period - Penalty Shot by Matt Halischuk for Remparts.
12:28 of 2nd period - Snap shot by Matt Halischuk.
12:28 of 2nd period - Stopped by Jeff Frazee.
12:29 of 2nd period - Jonathan Matsumoto wins face-off versus Ryan Craig in Remparts zone.
12:54 of 2nd period - Nigel Dawes is hit by Matt Halischuk and loses puck.
13:03 of 2nd period - Snap shot by Cédric Lalonde-McNicoll.
13:03 of 2nd period - Stopped by Jeff Frazee with a rebound.
13:17 of 2nd period - Snap shot by Darren Helm.
13:17 of 2nd period - Shot Misses the Net.
13:19 of 2nd period - Wrist shot by Robert Klinkhammer.
13:19 of 2nd period - Shot Misses the Net.
13:21 of 2nd period - Wrist shot by Robert Klinkhammer.
13:21 of 2nd period - Deflect By Guillaume Desbiens.
13:21 of 2nd period - Shot Misses the Net.
13:21 of 2nd period - Puck is out of play.
13:22 of 2nd period - Chris Mueller wins face-off versus Ryan Craig in Remparts zone.
13:31 of 2nd period - Snap shot by Ryan Craig.
13:31 of 2nd period - Stopped by Keith Kinkaid with a rebound.
13:33 of 2nd period - Snap shot by Spencer Machacek.
13:33 of 2nd period - Goal by Spencer Machacek - Demolitions : 3 - Remparts : 0.
13:34 of 2nd period - T.J. Hensick wins face-off versus Jonathan Matsumoto in neutral zone.
13:59 of 2nd period - Keith Aulie is hit by Nicolas Blanchard and loses puck.
14:26 of 2nd period - Wrist shot by Jonathan Matsumoto.
14:26 of 2nd period - Shot Misses the Net.
14:28 of 2nd period - Slapshot by Denis Bodrov.
14:28 of 2nd period - Shot Misses the Net.
14:30 of 2nd period - Snap shot by Pasi Salonen.
14:30 of 2nd period - Goal by Pasi Salonen - Demolitions : 3 - Remparts : 1.
14:31 of 2nd period - T.J. Hensick wins face-off versus Cédric Lalonde-McNicoll in neutral zone.
14:34 of 2nd period - Snap shot by Brad Richardson.
14:34 of 2nd period - Stopped by Keith Kinkaid without a rebound.
14:35 of 2nd period - T.J. Hensick wins face-off versus Cédric Lalonde-McNicoll in Remparts zone.
15:41 of 2nd period - Minor Penalty to Johannes Salmonsson for Interference.
15:42 of 2nd period - T.J. Hensick wins face-off versus Mattias Weinhandl in Remparts zone.
15:43 of 2nd period - Snap shot by Brad Richardson.
15:43 of 2nd period - Stopped by Keith Kinkaid with a rebound.
15:53 of 2nd period - Slapshot by Guillaume Desbiens.
15:53 of 2nd period - Stopped by Jeff Frazee with a rebound.
16:16 of 2nd period - Slapshot by Ryan Craig.
16:16 of 2nd period - Goal by Ryan Craig - Demolitions : 4 - Remparts : 1.
16:17 of 2nd period - Jonathan Matsumoto wins face-off versus T.J. Hensick in neutral zone.
16:46 of 2nd period - Slapshot by Matt Halischuk.
16:46 of 2nd period - Deflect By Rico Fata.
16:46 of 2nd period - Stopped by Jeff Frazee without a rebound.
16:47 of 2nd period - Jonathan Matsumoto wins face-off versus Ryan Craig in Demolitions zone.
17:04 of 2nd period - Snap shot by Bobby Butler.
17:04 of 2nd period - Stopped by Keith Kinkaid with a rebound.
17:17 of 2nd period - Slapshot by Pasi Salonen.
17:17 of 2nd period - Stopped by Jeff Frazee with a rebound.
17:33 of 2nd period - Slapshot by Mattias Weinhandl.
17:33 of 2nd period - Shot Blocked by Andrew Campbell.
17:41 of 2nd period - Wrist shot by Pasi Salonen.
17:41 of 2nd period - Deflect By Mattias Weinhandl.
17:41 of 2nd period - Shot Blocked by Seth Helgeson.
17:41 of 2nd period - Puck is out of play.
17:42 of 2nd period - Cédric Lalonde-McNicoll wins face-off versus T.J. Hensick in Demolitions zone.
17:56 of 2nd period - Wrist shot by Rico Fata.
17:56 of 2nd period - Shot Misses the Net.
17:58 of 2nd period - Snap shot by Matt Halischuk.
17:58 of 2nd period - Goal by Matt Halischuk - Demolitions : 4 - Remparts : 2.
17:59 of 2nd period - T.J. Hensick wins face-off versus Cédric Lalonde-McNicoll in neutral zone.
18:04 of 2nd period - Wrist shot by T.J. Hensick.
18:04 of 2nd period - Stopped by Keith Kinkaid without a rebound.
18:05 of 2nd period - Cédric Lalonde-McNicoll wins face-off versus Brad Richardson in Remparts zone.
18:05 of 2nd period - Cédric Lalonde-McNicoll is hit by Brad Richardson.
18:10 of 2nd period - Keith Aulie is hit by T.J. Hensick and loses puck.
18:35 of 2nd period - Slapshot by William Colbert.
18:35 of 2nd period - Shot Blocked by Doug Janik.
18:37 of 2nd period - Slapshot by Keith Aulie.
18:37 of 2nd period - Deflect By Guillaume Desbiens.
18:37 of 2nd period - Stopped by Jeff Frazee with a rebound.
18:39 of 2nd period - Snap shot by William Colbert.
18:39 of 2nd period - Stopped by Jeff Frazee with a rebound.
18:50 of 2nd period - Minor Penalty to T.J. Hensick for Holding.
18:51 of 2nd period - Brad Richardson wins face-off versus Jonathan Matsumoto in Demolitions zone.
18:58 of 2nd period - Nicolas Blanchard is hit by Pasi Salonen and loses puck.
Goals for this period are 3 for Demolitions vs 2 for Remparts.
Shots for this period are 10 for Demolitions vs 11 for Remparts.
3rd period
0:01 of 3rd period - Jonathan Matsumoto wins face-off versus Nicolas Blanchard in neutral zone.
0:50 of 3rd period - Penalty to T.J. Hensick is over, T.J. Hensick is back on ice.
1:00 of 3rd period - Minor Penalty to Ty Wishart for Delaying the game.
1:01 of 3rd period - T.J. Hensick wins face-off versus Mattias Weinhandl in Remparts zone.
1:09 of 3rd period - Slapshot by T.J. Hensick.
1:09 of 3rd period - Stopped by Keith Kinkaid with a rebound.
1:11 of 3rd period - Snap shot by Brad Richardson.
1:11 of 3rd period - Stopped by Keith Kinkaid with a rebound.
1:13 of 3rd period - Slapshot by Doug Janik.
1:13 of 3rd period - Deflect By Brad Richardson.
1:13 of 3rd period - Shot Blocked by William Colbert.
1:13 of 3rd period - Puck is out of play.
1:14 of 3rd period - Mattias Weinhandl wins face-off versus T.J. Hensick in Remparts zone.
1:29 of 3rd period - Slapshot by Brad Richardson.
1:29 of 3rd period - Stopped by Keith Kinkaid without a rebound.
1:30 of 3rd period - T.J. Hensick wins face-off versus Mattias Weinhandl in Remparts zone.
1:49 of 3rd period - Minor Penalty to Keith Aulie for Holding.
1:50 of 3rd period - T.J. Hensick wins face-off versus Mattias Weinhandl in Remparts zone.
2:30 of 3rd period - Wrist shot by Bobby Butler.
2:30 of 3rd period - Deflect By Spencer Machacek.
2:30 of 3rd period - Stopped by Keith Kinkaid with a rebound.
2:32 of 3rd period - Slapshot by Anssi Salmela.
2:32 of 3rd period - Shot Blocked by Guillaume Desbiens.
3:00 of 3rd period - Penalty to Ty Wishart is over, Ty Wishart is back on ice.
3:13 of 3rd period - Erik Gustafsson is hit by Andrew Campbell and loses puck.
3:49 of 3rd period - Penalty to Keith Aulie is over, Keith Aulie is back on ice.
3:54 of 3rd period - Slapshot by Matt Halischuk.
3:54 of 3rd period - Stopped by Jeff Frazee with a rebound.
3:56 of 3rd period - Slapshot by Cédric Lalonde-McNicoll.
3:56 of 3rd period - Stopped by Jeff Frazee without a rebound.
3:57 of 3rd period - Cédric Lalonde-McNicoll wins face-off versus Nicolas Blanchard in Demolitions zone.
4:00 of 3rd period - Slapshot by Rico Fata.
4:00 of 3rd period - Shot Blocked by Taylor Aronson.
4:02 of 3rd period - Wrist shot by Rico Fata.
4:02 of 3rd period - Shot Blocked by Taylor Aronson.
4:04 of 3rd period - Slapshot by Keith Aulie.
4:04 of 3rd period - Stopped by Jeff Frazee without a rebound.
4:05 of 3rd period - Nicolas Blanchard wins face-off versus Jonathan Matsumoto in Demolitions zone.
4:25 of 3rd period - Snap shot by Nicolas Blanchard.
4:25 of 3rd period - Stopped by Keith Kinkaid without a rebound.
4:26 of 3rd period - Cédric Lalonde-McNicoll wins face-off versus T.J. Hensick in Remparts zone.
4:26 of 3rd period - Cédric Lalonde-McNicoll is hit by Anssi Salmela.
4:35 of 3rd period - Minor Penalty to Nigel Dawes for High sticking.
4:36 of 3rd period - Brad Richardson wins face-off versus Jonathan Matsumoto in Demolitions zone.
5:14 of 3rd period - Wrist shot by Guillaume Desbiens.
5:14 of 3rd period - Stopped by Jeff Frazee with a rebound.
6:35 of 3rd period - Penalty to Nigel Dawes is over, Nigel Dawes is back on ice.
6:49 of 3rd period - Snap shot by Johannes Salmonsson.
6:49 of 3rd period - Stopped by Jeff Frazee without a rebound.
6:50 of 3rd period - Darren Helm wins face-off versus Jonathan Cheechoo in Demolitions zone.
6:56 of 3rd period - Off-side.
6:57 of 3rd period - Darren Helm wins face-off versus Jarod Palmer in neutral zone.
7:00 of 3rd period - Jonathan Cheechoo is hit by Darren Helm and loses puck.
7:11 of 3rd period - Snap shot by Robert Klinkhammer.
7:11 of 3rd period - Stopped by Keith Kinkaid without a rebound.
7:12 of 3rd period - T.J. Hensick wins face-off versus Matt Halischuk in Remparts zone.
7:19 of 3rd period - Wrist shot by T.J. Hensick.
7:19 of 3rd period - Shot Misses the Net.
8:28 of 3rd period - Slapshot by Nicolas Blanchard.
8:28 of 3rd period - Stopped by Keith Kinkaid with a rebound.
10:32 of 3rd period - Erik Gustafsson is hit by Nicolas Blanchard and loses puck.
11:03 of 3rd period - Robert Klinkhammer is hit by William Colbert and loses puck.
11:35 of 3rd period - Jonathan Matsumoto is hit by Brad Richardson and loses puck.
11:59 of 3rd period - Snap shot by Brad Richardson.
11:59 of 3rd period - Shot Misses the Net.
12:01 of 3rd period - Snap shot by Darren Helm.
12:01 of 3rd period - Stopped by Keith Kinkaid with a rebound.
12:03 of 3rd period - Backhand shot by Darren Helm.
12:03 of 3rd period - Shot Misses the Net.
12:42 of 3rd period - Darren Helm is hit by Rico Fata and loses puck.
13:24 of 3rd period - Keith Aulie is hit by Robert Klinkhammer and loses puck.
13:38 of 3rd period - Robert Bortuzzo is hit by Rico Fata and loses puck.
13:52 of 3rd period - Rico Fata is hit by Darren Helm and loses puck.
14:11 of 3rd period - Wrist shot by Darren Helm.
14:11 of 3rd period - Stopped by Keith Kinkaid with a rebound.
14:13 of 3rd period - Snap shot by Doug Janik.
14:13 of 3rd period - Stopped by Keith Kinkaid without a rebound.
14:14 of 3rd period - Jonathan Matsumoto wins face-off versus Ryan Craig in Remparts zone.
14:25 of 3rd period - Snap shot by Jonathan Matsumoto.
14:25 of 3rd period - Shot Blocked by Bobby Butler.
14:41 of 3rd period - Wrist shot by Guillaume Desbiens.
14:41 of 3rd period - Shot Misses the Net.
14:43 of 3rd period - Snap shot by Johannes Salmonsson.
14:43 of 3rd period - Shot Misses the Net.
14:57 of 3rd period - Doug Janik is hit by Johannes Salmonsson.
15:03 of 3rd period - Ryan Craig is hit by Jonathan Cheechoo and loses puck.
15:42 of 3rd period - Snap shot by Josh Beaulieu.
15:42 of 3rd period - Goal by Josh Beaulieu - Demolitions : 5 - Remparts : 2.
15:43 of 3rd period - Jonathan Matsumoto wins face-off versus Nicolas Blanchard in neutral zone.
15:45 of 3rd period - Minor Penalty to Jonathan Matsumoto for Interference.
15:46 of 3rd period - Mattias Weinhandl wins face-off versus Ryan Craig in Remparts zone.
17:12 of 3rd period - Erik Gustafsson is hit by Andrew Campbell and loses puck.
17:45 of 3rd period - Penalty to Jonathan Matsumoto is over, Jonathan Matsumoto is back on ice.
18:35 of 3rd period - Tom Kuhnhackl is hit by Johannes Salmonsson and loses puck.
19:11 of 3rd period - Snap shot by Denis Bodrov.
19:11 of 3rd period - Deflect By Jonathan Matsumoto.
19:11 of 3rd period - Shot Misses the Net.
19:11 of 3rd period - Puck is out of play.
19:12 of 3rd period - Ryan Craig wins face-off versus Jonathan Matsumoto in Demolitions zone.
19:35 of 3rd period - Wrist shot by Brad Richardson.
19:35 of 3rd period - Shot Blocked by Denis Bodrov.
19:37 of 3rd period - Snap shot by Nigel Dawes.
19:37 of 3rd period - Stopped by Keith Kinkaid without a rebound.
19:38 of 3rd period - T.J. Hensick wins face-off versus Cédric Lalonde-McNicoll in Remparts zone.
Goals for this period are 1 for Demolitions vs 0 for Remparts.
Shots for this period are 12 for Demolitions vs 5 for Remparts.
Output by the SimonT Hockey Simulator (STHS) for François Prévost -- Original Page W3C XHTML 1.0 Valid